 Dungeon Crawl Stone Soup version 0.31-a0-233-g139696dc86 (webtiles) character file.

Game seed: 10985562758172860530

2955 Demosthentine the Trooper (level 9, -5/63 HPs)
             Began as a Demonspawn Gladiator on July 7, 2023.
             Was a Follower of Hepliaklqana.
             Slain by a wyvern (10 damage)
             ... on level 9 of the Dungeon.
             The game lasted 00:07:41 (6737 turns).

Demosthentine the Trooper (Demonspawn Gladiator)    Turns: 6737, Time: 00:07:42

Health: -5/63      AC:  6    Str: 16    XL:     9   Next: 52%
Magic:  18/18      EV: 16    Int:  9    God:    Hepliaklqana [*.....]
Gold:   396        SH:  0    Dex: 20    Spells: 8/8 levels left

rFire   . . .        a - +0 trident
rCold   . . .        (no shield)
rNeg    . . .        b - +0 leather armour
rPois   +            c - +0 helmet
rElec   .            (no cloak)
rCorr   .            (gloves unavailable)
SInv    .            h - +0 pair of boots
Will    .....        (no amulet)
Stlth   ++           o - ring of poison resistance
HPRegen 0.30/turn    i - ring of magical power
MPRegen 0.16/turn

%: no passive effects
@: no status effects
A: reduced essence, thin skeletal structure 1, foul stench 1, demonic touch 3
a: Renounce Religion, Recall Ancestor, Ancestor Identity


You were on level 9 of the Dungeon.
You worshipped Hepliaklqana.
Hepliaklqana was aware of your devotion.
You visited 2 branches of the dungeon, and saw 10 of its levels.

You collected 396 gold pieces.

Inventory:

Hand Weapons
 a - a +0 trident (weapon)
Missiles
 e - a javelin
 m - a throwing net
 p - 5 boomerangs
Armour
 b - a +0 leather armour (worn)
 c - a +0 helmet (worn)
 h - a +0 pair of boots (worn)
Jewellery
 i - a ring of magical power (right hand)
 o - a ring of poison resistance (left hand)
 z - an amulet of reflection
Wands
 d - a wand of digging (4)
 t - a wand of charming (12)
 x - a wand of acid (5)
 y - a wand of mindburst (7)
Scrolls
 g - 5 scrolls of teleportation
 k - a scroll of identify
 l - 3 scrolls of noise
 r - a scroll of silence
 s - 2 scrolls of revelation {unknown}
 v - a scroll of butterflies
Potions
 f - a potion of haste
 j - 2 potions of brilliance
 n - 6 potions of enlightenment
 q - 2 potions of curing
 u - a potion of heal wounds
 w - a potion of ambrosia
 A - a potion of mutation {unknown}


   Skills:
 + Level 6.9 Fighting
 + Level 6.6 Polearms
 - Level 1.7 Throwing
 + Level 5.9 Armour
 + Level 6.6 Dodging


You had 8 spell levels left.
You didn't know any spells.
Your spell library contained the following spells:

 Spells                   Type           Power      Damage    Failure   Level
 Magic Dart               Conj           0%         1d3       43%         1
 Sandblast                Erth           0%         2d4       43%         1
 Slow                     Hex            0%         N/A       43%         1
 Call Imp                 Summ           0%         N/A       58%         2
 Cigotuvi's Dreadful Rot  Necr/Pois/Air  0%         N/A       58%         2
 Passwall                 Tmut/Erth      0%         N/A       58%         2
 Confusing Touch          Hex            0%         N/A       82%         3
 Mephitic Cloud           Conj/Pois/Air  0%         N/A       82%         3
 Stone Arrow              Conj/Erth      0%         3d7       82%         3
 Vampiric Draining        Necr           0%         2d6       82%         3
 Animate Armour           Summ/Erth      0%         N/A       99%         4
 Dispel Undead            Necr           0%         3d6       99%         4
 Olgreb's Toxic Radiance  Pois           0%         N/A       99%         4
 Summon Lightning Spire   Summ/Air       0%         N/A       99%         4
 Blade Hands              Tmut           0%         N/A       100%        5
 Death Channel            Necr           0%         N/A       100%        6
 Discord                  Hex            0%         N/A       100%        8
 Ignition                 Fire           0%         3d3       100%        8


Dungeon Overview and Level Annotations

Branches:
Dungeon (10/15)            Temple (1/1) D:6
   Lair: D:8-11         Orc: D:9-12

Altars:
Ashenzari
Cheibriados
Dithmenos
Fedhas
Gozag
Hepliaklqana
Kikubaaqudgha
Makhleb
Nemelex Xobeh
Qazlal
Ru
Sif Muna
Uskayaw
Vehumet
Wu Jian
Xom

Shops:
D:4 *   D:6 [


Innate Abilities, Weirdness & Mutations

Your life essence is reduced to manifest your ancestor. (-10% HP)
You have a somewhat thin skeletal structure. (Dex +2, Stealth+)
You may rarely emit foul miasma when damaged in melee.
Your touch may irresistibly damage your foes and sap their willpower.


Message History

Unknown command.
You barely miss the orc warrior.
You punch the orc warrior, but do no damage.
The orc warrior closely misses you.
You hit the orc warrior. Your touch misses the orc warrior.
The orc warrior is lightly wounded.
The orc warrior hits you with a +0 war axe!
You completely miss the orc warrior.
The orc warrior is lightly wounded.
The orc wizard barely misses you. The orc warrior closely misses you.
You feel much better. The orc warrior misses you.
Unknown command.
You hit the orc warrior. Your touch misses the orc warrior.
The orc warrior is lightly wounded.
The wyvern bites you! Something hits you but does no damage.
The orc warrior closely misses you.
You hit the orc warrior but do no damage.
The orc warrior is lightly wounded.
The wyvern bites you but does no damage.
The orc warrior hits you with a +0 war axe.
The wyvern bites you!
You hit the orc warrior.
The orc warrior is moderately wounded.
The wyvern bites you.
You hear some strange, mumbled words.
A magic dart appears from out of thin air!
The magic dart hits you!
* * * LOW HITPOINT WARNING * * *
The orc warrior barely misses you.
You closely miss the orc warrior.
The orc warrior is moderately wounded.
The wyvern misses you. Something hits you but does no damage.
The orc warrior hits you with a +0 war axe!
* * * LOW HITPOINT WARNING * * *
The orc wizard completely misses you.
Unknown command.
You hit the orc warrior.
The orc warrior is moderately wounded.
The wyvern misses you. The wyvern bites you!
You die...

### ### .####..
##########.# .......
#..........#### .......
#.............. .......
#..............
......l###..............
......o@................
......o{....###.........
.........#### #...######
###......# #...+
#).....# #...# #......#
#...## #......# #....#
#......# #....# #....#


You could see an orc warrior, a wyvern and an orc wizard.

Vanquished Creatures
  A two-headed ogre (D:5)
  Sigmund (D:5)
  A shadow (D:9)
  2 water moccasins
  3 ice beasts
  A sky beast (D:6)
  4 ogres
  2 centaurs
  A phantom (D:6)
  3 scorpions
  4 killer bees (D:4)
  2 howler monkeys
  A crimson imp (D:6)
  2 hounds
  A jelly (D:4)
  2 sleepcaps (D:6)
  An iguana (D:5)
  2 orc wizards (D:4)
  Terence (D:2)
  Robin (D:2)
  6 adders
  3 gnolls (D:5)
  A white imp (D:6)
  An ufetubus (D:4)
  4 worms
  2 dart slugs
  12 orcs
  3 bats
  8 endoplasms
  6 giant cockroaches
  10 goblins
  7 hobgoblins
  11 jackals
  2 quokkas
  3 ball pythons
  4 frilled lizards
  6 kobolds
  5 rats
130 creatures vanquished.

Vanquished Creatures (others)
  A butterfly (D:6)
1 creature vanquished.

Grand Total: 131 creatures vanquished

Notes
Turn   | Place    | Note
-------+----------+-------------------------------------------
     0 | D:1      | Demosthentine the Demonspawn Gladiator began the quest for
                  | the Orb.
     0 | D:1      | Reached XP level 1. HP: 16/16 MP: 1/1
   112 | D:1      | Gained mutation: You may rarely emit foul miasma when
                  | damaged in melee. [demonic ancestry]
   112 | D:1      | Reached XP level 2. HP: 10/22 MP: 2/2
   141 | D:1      | HP: 1/22 [frozen (1)]
   332 | D:1      | Reached skill level 1 in Armour
   451 | D:1      | Gained mutation: You have a somewhat thin skeletal
                  | structure. (Dex +2, Stealth+) [demonic ancestry]
   451 | D:1      | Reached XP level 3. HP: 19/28 MP: 3/3
  1096 | D:2      | Noticed Terence
  1117 | D:2      | Killed Terence
  1295 | D:2      | Noticed Robin
  1307 | D:2      | Killed Robin
  1308 | D:2      | Gained mutation: Your touch may inflict minor irresistible
                  | damage on your foes. [demonic ancestry]
  1308 | D:2      | Reached XP level 4. HP: 24/34 MP: 4/4
  1611 | D:2      | Found a faded altar of an unknown god.
  2055 | D:3      | Reached XP level 5. HP: 41/41 MP: 5/5
  2363 | D:4      | Found Neij's Needful Niceties.
  2559 | D:4      | HP: 2/41 [poisoned by a scorpion]
  2721 | D:4      | Gained mutation: Your touch may inflict irresistible damage
                  | on your foes. [demonic ancestry]
  2721 | D:4      | Reached XP level 6. HP: 47/47 MP: 6/6
  2870 | D:4      | Identified the +2 quarterstaff "Gram" {protect, rElec rPois
                  | Str+3}
  2995 | D:4      | Gained mutation: Your touch may irresistibly damage your
                  | foes and sap their willpower. [demonic ancestry]
  2995 | D:4      | Reached XP level 7. HP: 22/54 MP: 7/7
  3204 | D:4      | Found a snail-covered altar of Cheibriados.
  3490 | D:4      | Found an ancient bone altar of Kikubaaqudgha.
  3494 | D:4      | Found an opulent altar of Gozag.
  3511 | D:4      | Found an ornate altar of the Wu Jian Council.
  3511 | D:4      | Found a broken altar of Ashenzari.
  3582 | D:4      | Found a shadowy altar of Dithmenos.
  3585 | D:4      | Found a broken altar of Ashenzari.
  3585 | D:4      | Found a shimmering altar of Xom.
  3587 | D:4      | Found a shimmering altar of Xom.
  3587 | D:4      | Found a stormy altar of Qazlal.
  3757 | D:5      | Entered Level 5 of the Dungeon
  3771 | D:5      | Noticed a two-headed ogre
  3782 | D:5      | HP: 1/55 [two-headed ogre/+0 giant club (23)]
  3784 | D:5      | Killed a two-headed ogre
  3785 | D:5      | Reached skill level 5 in Fighting
  3785 | D:5      | Reached skill level 5 in Polearms
  3785 | D:5      | Reached skill level 5 in Dodging
  3785 | D:5      | Reached XP level 8. HP: 2/62 MP: 8/8
  4219 | D:5      | Noticed Sigmund
  4233 | D:5      | Killed Sigmund
  4415 | D:5      | Found a stormy altar of Qazlal.
  4621 | D:5      | Found a hazy altar of Hepliaklqana.
  4631 | D:5      | Became a worshipper of Hepliaklqana the Forgotten
  4648 | D:5      | Reached skill level 5 in Armour
  5166 | D:6      | Found Udanuf's Antique Armour Emporium.
  5166 | D:6      | Found a staircase to the Ecumenical Temple.
  5200 | D:6      | Reached XP level 9. HP: 69/69 MP: 9/9
  5212 | Temple   | Entered the Ecumenical Temple
  6447 | D:7      | Reached * piety under Hepliaklqana
  6454 | D:7      | You fall into a shaft and drop 3 floors!
  6454 | D:10     | Entered Level 10 of the Dungeon
  6632 | D:9      | Found a sparkling altar of Nemelex Xobeh.
  6737 | D:9      | Slain by a wyvern

Illustrated notes

Levels and vault maps discovered:
D:1:      dpeg_arrival_castle, layout_loops_ring, minmay_octomino_j4
D:2:      layout_loops_ring, shapermc_ecumenical_altar_mp_highgroup, uniq_robin,
          uniq_terence
D:3:      layout_basic
D:4:      layout_loops_ring, cheibrodos_worm_habitat,
          nicolae_overflow_two_pavilions, minitemple, doesnt_xom_only_xom,
          nicolae_alphabet_shops
D:5:      layout_loops_ring, overflow_temple_1_default,
          mainiacjoe_overflow_alcove_1, nicolae_figureground_sparkle,
          uniq_sigmund
D:6:      layout_loops_ring, nicolae_elyvilon_peaceful_grove,
          minmay_temple_entry_drinking_statues, nicolae_stop_n_shop_2,
          minmay_fire_ice_demons
D:7:      layout_loops_cross, mainiacjoe_overflow_cross_hatched,
          mainiacjoe_overflow_six_doors_small, ebering_ghost_rock_garden,
          enter_bailey_4, serial_glass, glass_columns_c, glass_columns_a,
          glass_columns_c, solitary_fountain, hex_medium,
          chequers_serial_rivers_small_a
D:9:      layout_irregular_city, nemelex_xobeh_ov_fountains_minmay
D:10:     layout_long_grid
Temple:   hellmonk_temple_rainy

Skill      XL: |  1  2  3  4  5  6  7  8 |
---------------+-------------------------+-----
Armour         | 1 2 3 4 5 |  5.9
Polearms       | 3 4 5 6 |  6.6
Dodging        | 3 4 5 6 |  6.6
Fighting       | 3 4 5 6 |  6.9
Throwing       | |  1.7

Action                     |  1- 3 |  4- 6 |  7- 9 || total
---------------------------+-------+-------+-------++-------
  Melee: Trident           |   163 |   136 |   229 ||   528
         Punch             |     1 |     2 |     7 ||    10
         Touch             |       |    20 |    34 ||    54
  Throw: Throwing net      |     2 |     1 |     2 ||     5
    Use: Scroll            |     2 |     4 |    10 ||    16
         Potion            |       |     1 |     1 ||     2
   Stab: Sleeping          |     2 |     7 |    11 ||    20
         Distracted        |       |     1 |     1 ||     2
         Held in net/web   |       |       |     2 ||     2
 Armour: Leather armour    |    57 |    27 |    37 ||   121
  Dodge: Dodged            |   119 |    70 |   124 ||   313

Table legend: (Time is in decaauts)
 A = Elapsed time spent in this place.
 B = Non-inter-level travel time spent in this place.
 C = Inter-level travel time spent in this place.
 D = Time resting spent in this place.
 E = Time spent auto-exploring this place.
 F = Levels seen in this place.
 G = Mean time per level.
                   A        B        C        D        E       F      G
               +--------+--------+--------+--------+--------+-----+--------+
         Total |   6798 |   6617 |    181 |    214 |   5096 |  10 |  679.8 |
       Dungeon |   6724 |   6543 |    181 |    214 |   5040 |   9 |  747.1 |
        Temple |     73 |     73 |      0 |      0 |     56 |   1 |   73.0 |
               +--------+--------+--------+--------+--------+-----+--------+

Top non-repeatable levels by time:
     D:4: 1591 daAuts
     D:5: 1236 daAuts
     D:6: 1169 daAuts
     D:1: 957 daAuts
     D:2: 837 daAuts
     D:3: 607 daAuts
     D:9: 271 daAuts
  Temple: 73 daAuts
     D:7: 43 daAuts
    D:10: 9 daAuts
